cohdb
Replays
Latest Replays
All Replays
Popular Replays
Top Player Replays
Match Explorer
How It Works
Community
CoH3 Stats
Reddit
Sign in to upload your games and track your stats! →
Sign in with Steam
Match 40875435
Unlisted
Match 40875435
Overview
Messages
Build Orders
End
Construct Infanterie Kompanie
Kettenkrad Recon Vehicle
Selects Terror Battlegroup
Grenadier Squad
MG 42 Machine Gun Team
Selects Machine Gun Camouflage
Grenadier Squad
Grenadier Squad
Selects Contempt for the Weak
Construct Panzergrenadier Kompanie
251 Medium Carrier
Panzergrenadier Squad
Support Elements
Pioneer Squad
Panzergrenadier Officer Quarters
Panzergrenadier Squad
251 Medium Carrier
Kettenkrad Recon Vehicle
Selects Defend the Fatherland
Selects Jericho Trumpet
Construct Panzer Kompanie
Jericho Trumpet
Nebelwerfer 42 Rocket Launcher Team
Nebelwerfer 42 Rocket Launcher Team
Panzer IV Medium Tank
Selects V1 Rocket Strike
Pioneer Squad
Panzer IV Medium Tank
Jericho Trumpet
CALL-ME-HAN
xuxiaoqi9
じゃんじゃん
Sobieski
EpikSkillz
Loona
PlammX
BooralKing
0
0
Comments
sign in to comment!
No comments posted yet!